Senateurs vs Capitals
Created - May 7, 2022 at 20:53
Goals
|
| Senateurs |
0 |
0 |
1 |
1 |
| Capitals |
0 |
0 |
3 |
3 |
|
Shots
|
| Senateurs |
16 |
9 |
11 |
36 |
| Capitals |
14 |
8 |
9 |
31 |
|
1st period
No Goal
Penalties :
Wayne Simmonds (Was) for Holding (Minor) at 7:14
2nd period
No Goal
Penalties :
Cody Franson (Ott) for Hooking (Minor) at 7:09, Brad Richardson (Was) for Hooking (Minor) at 18:31
3rd period
1. Senateurs , Rostislav Olesz 21 (Loui Eriksson 10, Brandon Burlon 14) at 2:16
2. Capitals , Blake Pietila 11 (Patrick Kane 25) at 8:56 (PP)
3. Capitals , Jujhar Khaira 8 (Wayne Simmonds 13, Victor Hedman 21) at 14:50
4. Capitals , Jason Spezza 34 (Jujhar Khaira 15, Cameron Gaunce 16) at 19:47 (Empty Net)
Penalties :
Brandon Burlon (Ott) for Hooking (Minor) at 8:23
Goalie Stats
Brian Elliott (Ott), 28 saves from 30 shots - (0.933), L, 9-17-2, 59:04 minutes
Cory Schneider (Was), 35 saves from 36 shots - (0.972), W, 18-20-8, 60:00 minutes
Players Stats for Senateurs
Player Name G A P +/- PIM S H SB GA TA FO MP PP MP PK MP
------------------------------------------------------------------------------------
Brandon Burlon 0 1 1 0 2 0 1 0 1 0 0/0 14:17 0:00 0:14
Cody Franson 0 0 0 0 2 2 0 1 0 0 0/0 18:54 1:21 0:00
Eric Gelinas 0 0 0 0 0 2 0 2 1 0 0/0 25:29 2:37 1:22
Eric Wellwood 0 0 0 0 0 0 0 0 1 0 0/0 8:31 0:00 0:45
Erik Haula 0 0 0 0 0 5 3 0 1 0 10/14 17:16 1:47 0:45
Jason Pominville 0 0 0 0 0 4 0 0 0 0 0/0 16:19 1:47 0:00
Loui Eriksson 0 1 1 1 0 0 1 0 2 0 0/0 11:45 0:00 0:00
Max Friberg 0 0 0 0 0 2 1 0 1 0 0/0 7:46 0:00 0:00
Max Pacioretty 0 0 0 0 0 3 4 0 0 1 0/0 16:44 1:47 0:25
Mike Green 0 0 0 0 0 3 0 3 0 0 0/0 25:29 2:37 1:22
Reilly Smith 0 0 0 -2 0 3 1 0 2 0 2/2 21:37 2:11 0:00
Rostislav Olesz 1 0 1 1 0 2 1 0 1 0 0/0 11:42 0:00 0:00
Ryan Getzlaf 0 0 0 0 0 0 2 0 0 0 0/0 8:08 0:00 0:22
Sean Bergenheim 0 0 0 -2 0 4 1 2 1 1 0/1 22:54 2:11 1:22
Sidney Crosby 0 0 0 -2 0 5 1 1 1 0 20/31 23:03 2:11 1:25
Taylor Chorney 0 0 0 -1 0 1 1 2 0 0 0/0 20:28 1:21 1:10
Tim Connolly 0 0 0 1 0 0 1 1 1 0 1/3 11:42 0:00 0:00
Wes O'Neill 0 0 0 -1 0 0 1 1 0 0 0/0 15:22 0:00 0:56
Players Stats for Capitals
Player Name G A P +/- PIM S H SB GA TA FO MP PP MP PK MP
------------------------------------------------------------------------------------
Alexander Radulov 0 0 0 -1 0 2 1 0 0 0 0/0 11:57 0:00 0:00
Alexei Marchenko 0 0 0 1 0 2 2 2 0 2 0/0 20:57 0:00 2:33
Blake Pietila 1 0 1 0 0 3 0 0 0 0 0/0 14:16 1:08 0:00
Brad Richardson 0 0 0 -1 2 1 3 0 0 0 0/2 11:58 0:00 0:00
Cameron Gaunce 0 1 1 1 0 1 1 2 0 2 0/0 21:59 0:57 1:25
Cody Hodgson 0 0 0 0 0 1 0 1 0 2 9/25 17:58 1:24 1:04
Jared Spurgeon 0 0 0 0 0 0 1 0 0 1 0/0 13:18 0:00 0:00
Jason Spezza 1 0 1 1 0 5 0 0 0 0 0/0 16:25 1:24 1:04
Joe Thornton 0 0 0 0 0 0 1 1 0 0 0/1 16:54 1:24 0:00
Jujhar Khaira 1 1 2 2 0 1 0 0 0 1 0/0 12:14 0:00 0:00
Logan Couture 0 0 0 1 0 3 1 1 1 0 3/12 18:54 1:08 2:54
Nikita Zaitsev 0 0 0 0 0 2 1 2 0 2 0/0 24:43 1:35 2:33
Patrick Kane 0 1 1 0 0 4 1 1 0 0 3/5 20:39 1:08 2:54
Patrick Sharp 0 0 0 -1 0 1 0 0 0 0 0/0 11:45 0:00 0:00
Sergey Kalinin 0 0 0 1 0 1 1 0 0 0 3/5 11:11 0:00 0:00
Trevor Daley 0 0 0 0 0 1 1 0 0 3 0/0 13:52 0:57 0:00
Victor Hedman 0 1 1 0 0 2 1 4 1 0 0/0 25:11 1:35 1:25
Wayne Simmonds 0 1 1 1 2 1 1 0 0 0 0/1 11:49 0:00 0:00
3 Stars
1 - Cory Schneider (Was)
2 - Jujhar Khaira (Was)
3 - Jason Spezza (Was)
Power Play
Senateurs - 0 on 2 Attempt(s) - 0.00%
Capitals - 1 on 2 Attempt(s) - 50.00%
Penalty Kill
Senateurs - 1 on 2 Attempt(s) - 50.00%
- Score 0 goal in Penalty Kill
Capitals - 2 on 2 Attempt(s) - 100.00%
- Score 0 goal in Penalty Kill
Team Stat
Senateurs - Hits : 19 - Faceoff Wins : 33 - Blocked Shots : 13 - Penalty Minutes : 4
Capitals - Hits : 16 - Faceoff Wins : 18 - Blocked Shots : 14 - Penalty Minutes : 4
Official
Referees : Kelly Sutherland and Wes McCauley
Linesman : Steve Barton and Kory Nagy
Game Notes
Jason Spezza has scored in a empty net!
Finance
Level 1 -- Attendance: 5407 (90.12%) -- Ticket Income $540,700
Level 2 -- Attendance: 4539 (90.78%) -- Ticket Income $272,340
Level 3 -- Attendance: 2000 (100.00%) -- Ticket Income $70,000
Level 4 -- Attendance: 3746 (93.65%) -- Ticket Income $93,650
Luxury Box -- Attendance: 925 (92.50%) -- Ticket Income $185,000
Game was played at the Capital One Arena.
Total Attendance: 16617 (92.32%)
Total Ticket Income: $1,161,690
Other Income: $174,254
Total Income: $1,335,944
Senateurs
5 vs 5 Forward
Center Left Wing Right Wing Time % Phy DF OF
1 Sidney Crosby Sean Bergenheim Reilly Smith 40 0 1 4
2 Erik Haula Max Pacioretty Jason Pominville 30 0 1 4
3 Tim Connolly Rostislav Olesz Loui Eriksson 20 0 2 3
4 Ryan Getzlaf Eric Wellwood Max Friberg 10 0 2 3
5 vs 5 Defense
Defense Defense Time % Phy DF OF
1 Eric Gelinas Mike Green 40 1 3 1
2 Cody Franson Taylor Chorney 30 1 3 1
3 Wes O'Neill Brandon Burlon 20 1 3 1
4 Eric Gelinas Mike Green 10 1 3 1
PowerPlay Forward
Center Left Wing Right Wing Time % Phy DF OF
1 Sidney Crosby Sean Bergenheim Reilly Smith 60 0 1 4
2 Erik Haula Max Pacioretty Jason Pominville 40 0 1 4
PowerPlay Defense
Defense Defense Time % Phy DF OF
1 Eric Gelinas Mike Green 60 0 2 3
2 Cody Franson Taylor Chorney 40 0 2 3
Penalty Kill 4 Players Forward
Center Wing Time % Phy DF OF
1 Sidney Crosby Sean Bergenheim 60 1 2 2
2 Erik Haula Max Pacioretty 40 1 2 2
Penalty Kill 4 Players Defense
Defense Defense Time % Phy DF OF
1 Eric Gelinas Mike Green 60 1 3 1
2 Cody Franson Taylor Chorney 40 1 3 1
Penalty Kill - 3 Players Forward
Forward Time % Phy DF OF
1 Sidney Crosby 60 1 3 1
2 Erik Haula 40 1 3 1
Penalty Kill - 3 Players Defense
Defense Defense Time % Phy DF OF
1 Eric Gelinas Mike Green 60 1 4 0
2 Cody Franson Taylor Chorney 40 1 4 0
4 vs 4 Forward
Center Wing Time % Phy DF OF
1 Sidney Crosby Sean Bergenheim 60 0 2 3
2 Erik Haula Max Pacioretty 40 0 2 3
4 vs 4 Defense
Defense Defense Time % Phy DF OF
1 Eric Gelinas Mike Green 60 1 3 1
2 Cody Franson Taylor Chorney 40 1 3 1
Last Minutes Offensive
Center Left Wing Right Wing Defense Defense
Sidney Crosby Sean Bergenheim Reilly Smith Eric Gelinas Mike Green
Last Minutes Defensive
Center Left Wing Right Wing Defense Defense
Sidney Crosby Sean Bergenheim Reilly Smith Eric Gelinas Mike Green
Goaltenders
Starting : Brian Elliott
Backup : Jonathan Bernier
Extra Forwards
Normal : Erik Haula, Loui Eriksson, Rostislav Olesz - PP : Erik Haula, Loui Eriksson - PK : Erik Haula
Extra Defensemen
Normal : Taylor Chorney, Wes O'Neill, Brandon Burlon - PP : Taylor Chorney - PK : Taylor Chorney, Wes O'Neill
Penalty Shots
Sidney Crosby, Sean Bergenheim, Reilly Smith, Max Pacioretty, Erik Haula
Scratches
Sergei Kostitsyn (Healthy), T.J. Fast (Healthy)
Capitals
5 vs 5 Forward
Center Left Wing Right Wing Time % Phy DF OF
1 Cody Hodgson Joe Thornton Patrick Kane 35 0 1 4
2 Logan Couture Blake Pietila Jason Spezza 25 0 2 3
3 Brad Richardson Patrick Sharp Alexander Radulov 20 0 2 3
4 Sergey Kalinin Jujhar Khaira Wayne Simmonds 20 0 3 2
5 vs 5 Defense
Defense Defense Time % Phy DF OF
1 Victor Hedman Nikita Zaitsev 35 0 3 2
2 Alexei Marchenko Cameron Gaunce 35 0 4 1
3 Trevor Daley Jared Spurgeon 25 0 4 1
4 Victor Hedman Nikita Zaitsev 5 0 3 2
PowerPlay Forward
Center Left Wing Right Wing Time % Phy DF OF
1 Cody Hodgson Joe Thornton Jason Spezza 60 0 1 4
2 Logan Couture Blake Pietila Patrick Kane 40 0 1 4
PowerPlay Defense
Defense Defense Time % Phy DF OF
1 Nikita Zaitsev Victor Hedman 60 0 2 3
2 Cameron Gaunce Trevor Daley 40 0 2 3
Penalty Kill 4 Players Forward
Center Wing Time % Phy DF OF
1 Logan Couture Patrick Kane 60 0 4 1
2 Cody Hodgson Jason Spezza 40 0 4 1
Penalty Kill 4 Players Defense
Defense Defense Time % Phy DF OF
1 Nikita Zaitsev Alexei Marchenko 60 0 4 1
2 Victor Hedman Cameron Gaunce 40 0 4 1
Penalty Kill - 3 Players Forward
Forward Time % Phy DF OF
1 Logan Couture 60 0 5 0
2 Patrick Kane 40 0 5 0
Penalty Kill - 3 Players Defense
Defense Defense Time % Phy DF OF
1 Nikita Zaitsev Alexei Marchenko 60 0 5 0
2 Victor Hedman Trevor Daley 40 0 5 0
4 vs 4 Forward
Center Wing Time % Phy DF OF
1 Cody Hodgson Patrick Kane 60 0 2 3
2 Logan Couture Jason Spezza 40 0 2 3
4 vs 4 Defense
Defense Defense Time % Phy DF OF
1 Nikita Zaitsev Victor Hedman 60 0 2 3
2 Cameron Gaunce Alexei Marchenko 40 0 2 3
Last Minutes Offensive
Center Left Wing Right Wing Defense Defense
Cody Hodgson Patrick Kane Jason Spezza Nikita Zaitsev Victor Hedman
Last Minutes Defensive
Center Left Wing Right Wing Defense Defense
Logan Couture Jujhar Khaira Jason Spezza Alexei Marchenko Victor Hedman
Goaltenders
Starting : Cory Schneider
Backup : Chet Pickard
Extra Forwards
Normal : Patrick Kane, Jason Spezza, Logan Couture - PP : Patrick Kane, Jason Spezza - PK : Patrick Kane
Extra Defensemen
Normal : Victor Hedman, Nikita Zaitsev, Alexei Marchenko - PP : Victor Hedman - PK : Nikita Zaitsev, Alexei Marchenko
Penalty Shots
Jason Spezza, Cody Hodgson, Patrick Kane, Alexander Radulov, Victor Hedman
Scratches
Brian Ferlin (Healthy), Mark Stone (Healthy), Martins Karsums (Healthy)
% Time on Ice - Senateurs
Lines # - Real PCT - Wanted PCT - Time Play
Normal Forward
1 - 35% - 40% - 18:30
2 - 28% - 30% - 14:32
3 - 22% - 20% - 11:42
4 - 15% - 10% - 7:46
Normal Defense
1 - 37% - 40% - 19:18
2 - 33% - 30% - 17:34
3 - 26% - 20% - 13:26
4 - 4% - 10% - 2:12
PP Forward
1 - 55% - 60% - 2:11
2 - 45% - 40% - 1:47
PP Defense
1 - 66% - 60% - 2:37
2 - 34% - 40% - 1:21
PK Forward
1 - 89% - 60% - 2:16
2 - 11% - 40% - 0:16
PK Defense
1 - 54% - 60% - 1:22
2 - 46% - 40% - 1:10
PK3 Forward
1 - 0% - 60%
2 - 0% - 40%
PK3 Defense
1 - 0% - 60%
2 - 0% - 40%
44 Forward
1 - 0% - 60%
2 - 0% - 40%
44 Defense
1 - 0% - 60%
2 - 0% - 40%
Last Minute Offensive - 1:00
Last Minute Defensive - 0:00
Total
Forward - 60:00
Defense - 60:00
|
% Time on Ice - Capitals
Lines # - Real PCT - Wanted PCT - Time Play
Normal Forward
1 - 31% - 35% - 16:23
2 - 25% - 25% - 13:08
3 - 22% - 20% - 11:45
4 - 21% - 20% - 11:11
Normal Defense
1 - 36% - 35% - 19:06
2 - 35% - 35% - 18:34
3 - 25% - 25% - 13:18
4 - 3% - 5% - 1:29
PP Forward
1 - 55% - 60% - 1:24
2 - 45% - 40% - 1:08
PP Defense
1 - 63% - 60% - 1:35
2 - 38% - 40% - 0:57
PK Forward
1 - 73% - 60% - 2:54
2 - 27% - 40% - 1:04
PK Defense
1 - 64% - 60% - 2:33
2 - 36% - 40% - 1:25
PK3 Forward
1 - 0% - 60%
2 - 0% - 40%
PK3 Defense
1 - 0% - 60%
2 - 0% - 40%
44 Forward
1 - 0% - 60%
2 - 0% - 40%
44 Defense
1 - 0% - 60%
2 - 0% - 40%
Last Minute Offensive - 0:00
Last Minute Defensive - 1:03
Total
Forward - 60:00
Defense - 60:00
|
Play-by-Play
1st period
0:01 of 1st period - Sidney Crosby wins face-off versus Cody Hodgson in neutral zone.
0:30 of 1st period - Wrist shot by Jason Spezza.
0:30 of 1st period - Shot Misses the Net.
0:32 of 1st period - Snap shot by Jason Spezza.
0:32 of 1st period - Stopped by Brian Elliott without a rebound.
0:33 of 1st period - Logan Couture wins face-off versus Tim Connolly in Senateurs zone.
0:54 of 1st period - Alexei Marchenko is hit by Rostislav Olesz and loses puck.
1:05 of 1st period - Wrist shot by Alexander Radulov.
1:05 of 1st period - Stopped by Brian Elliott with a rebound.
1:07 of 1st period - Slapshot by Patrick Sharp.
1:07 of 1st period - Shot Blocked by Taylor Chorney.
1:31 of 1st period - Wrist shot by Sean Bergenheim.
1:31 of 1st period - Stopped by Cory Schneider with a rebound.
2:21 of 1st period - Snap shot by Ryan Getzlaf.
2:21 of 1st period - Shot Blocked by Nikita Zaitsev.
2:35 of 1st period - Slapshot by Patrick Sharp.
2:35 of 1st period - Stopped by Brian Elliott with a rebound.
2:55 of 1st period - Sergey Kalinin is hit by Brandon Burlon and loses puck.
3:27 of 1st period - Icing by Cameron Gaunce.
3:28 of 1st period - Sidney Crosby wins face-off versus Cody Hodgson in Capitals zone.
3:43 of 1st period - Wrist shot by Reilly Smith.
3:43 of 1st period - Shot Misses the Net.
3:45 of 1st period - Slapshot by Mike Green.
3:45 of 1st period - Shot Misses the Net.
4:39 of 1st period - Snap shot by Max Pacioretty.
4:39 of 1st period - Stopped by Cory Schneider with a rebound.
4:41 of 1st period - Snap shot by Sidney Crosby.
4:41 of 1st period - Stopped by Cory Schneider without a rebound.
4:42 of 1st period - Sidney Crosby wins face-off versus Brad Richardson in Capitals zone.
5:59 of 1st period - Wrist shot by Sean Bergenheim.
5:59 of 1st period - Shot Misses the Net.
6:25 of 1st period - Snap shot by Sergey Kalinin.
6:25 of 1st period - Stopped by Brian Elliott with a rebound.
6:27 of 1st period - Snap shot by Jujhar Khaira.
6:27 of 1st period - Shot Misses the Net.
6:39 of 1st period - Blake Pietila is hit by Loui Eriksson and loses puck.
7:14 of 1st period - Minor Penalty to Wayne Simmonds for Holding.
7:15 of 1st period - Patrick Kane wins face-off versus Sidney Crosby in Capitals zone.
7:42 of 1st period - Victor Hedman is hit by Max Pacioretty and loses puck.
7:47 of 1st period - Wrist shot by Erik Haula.
7:47 of 1st period - Stopped by Cory Schneider with a rebound.
7:49 of 1st period - Snap shot by Taylor Chorney.
7:49 of 1st period - Deflect By Jason Pominville.
7:49 of 1st period - Shot Blocked by Victor Hedman.
7:49 of 1st period - Puck is out of play.
7:50 of 1st period - Erik Haula wins face-off versus Logan Couture in Capitals zone.
7:53 of 1st period - Snap shot by Erik Haula.
7:53 of 1st period - Stopped by Cory Schneider with a rebound.
7:55 of 1st period - Slapshot by Taylor Chorney.
7:55 of 1st period - Stopped by Cory Schneider with a rebound.
7:57 of 1st period - Slapshot by Taylor Chorney.
7:57 of 1st period - Shot Blocked by Logan Couture.
7:59 of 1st period - Slapshot by Erik Haula.
7:59 of 1st period - Stopped by Cory Schneider with a rebound.
8:01 of 1st period - Snap shot by Erik Haula.
8:01 of 1st period - Shot Misses the Net.
8:03 of 1st period - Wrist shot by Max Pacioretty.
8:03 of 1st period - Shot Misses the Net.
8:05 of 1st period - Slapshot by Erik Haula.
8:05 of 1st period - Stopped by Cory Schneider without a rebound.
8:06 of 1st period - Cody Hodgson wins face-off versus Sidney Crosby in Capitals zone.
8:53 of 1st period - Off-side.
8:54 of 1st period - Logan Couture wins face-off versus Sidney Crosby in neutral zone.
9:14 of 1st period - Penalty to Wayne Simmonds is over, Wayne Simmonds is back on ice.
9:52 of 1st period - Off-side.
9:53 of 1st period - Sidney Crosby wins face-off versus Brad Richardson in neutral zone.
9:56 of 1st period - Trevor Daley is hit by Sidney Crosby and loses puck.
10:10 of 1st period - Slapshot by Reilly Smith.
10:10 of 1st period - Stopped by Cory Schneider with a rebound.
10:22 of 1st period - Backhand shot by Reilly Smith.
10:22 of 1st period - Stopped by Cory Schneider without a rebound.
10:23 of 1st period - Sergey Kalinin wins face-off versus Erik Haula in Capitals zone.
10:34 of 1st period - Wrist shot by Jason Pominville.
10:34 of 1st period - Stopped by Cory Schneider with a rebound.
11:14 of 1st period - Wrist shot by Logan Couture.
11:14 of 1st period - Deflect By Blake Pietila.
11:14 of 1st period - Shot Misses the Net.
11:14 of 1st period - Puck is out of play.
11:15 of 1st period - Sergey Kalinin wins face-off versus Sidney Crosby in Senateurs zone.
11:34 of 1st period - Wrist shot by Sean Bergenheim.
11:34 of 1st period - Deflect By Sidney Crosby.
11:34 of 1st period - Shot Misses the Net.
11:34 of 1st period - Puck is out of play.
11:35 of 1st period - Erik Haula wins face-off versus Logan Couture in Capitals zone.
11:40 of 1st period - Slapshot by Jason Pominville.
11:40 of 1st period - Shot Blocked by Victor Hedman.
11:42 of 1st period - Slapshot by Eric Gelinas.
11:42 of 1st period - Stopped by Cory Schneider with a rebound.
11:44 of 1st period - Snap shot by Erik Haula.
11:44 of 1st period - Stopped by Cory Schneider without a rebound.
11:45 of 1st period - Erik Haula wins face-off versus Logan Couture in Capitals zone.
11:58 of 1st period - Slapshot by Max Pacioretty.
11:58 of 1st period - Stopped by Cory Schneider without a rebound.
11:59 of 1st period - Patrick Kane wins face-off versus Sidney Crosby in Capitals zone.
12:26 of 1st period - Logan Couture is hit by Ryan Getzlaf.
12:48 of 1st period - Wrist shot by Wayne Simmonds.
12:48 of 1st period - Shot Blocked by Eric Gelinas.
12:50 of 1st period - Wrist shot by Wayne Simmonds.
12:50 of 1st period - Stopped by Brian Elliott without a rebound.
12:51 of 1st period - Erik Haula wins face-off versus Wayne Simmonds in Senateurs zone.
12:56 of 1st period - Wayne Simmonds is hit by Erik Haula.
13:02 of 1st period - Snap shot by Sergey Kalinin.
13:02 of 1st period - Shot Misses the Net.
13:50 of 1st period - Wrist shot by Alexander Radulov.
13:50 of 1st period - Shot Misses the Net.
13:52 of 1st period - Snap shot by Victor Hedman.
13:52 of 1st period - Stopped by Brian Elliott with a rebound.
13:54 of 1st period - Slapshot by Nikita Zaitsev.
13:54 of 1st period - Stopped by Brian Elliott with a rebound.
13:56 of 1st period - Snap shot by Brad Richardson.
13:56 of 1st period - Shot Blocked by Taylor Chorney.
14:03 of 1st period - Icing by Max Pacioretty.
14:04 of 1st period - Sidney Crosby wins face-off versus Cody Hodgson in Senateurs zone.
14:19 of 1st period - Wrist shot by Patrick Kane.
14:19 of 1st period - Shot Blocked by Sidney Crosby.
14:21 of 1st period - Wrist shot by Cameron Gaunce.
14:21 of 1st period - Deflect By Patrick Kane.
14:21 of 1st period - Stopped by Brian Elliott with a rebound.
14:35 of 1st period - Snap shot by Brad Richardson.
14:35 of 1st period - Stopped by Brian Elliott with a rebound.
15:09 of 1st period - Wrist shot by Tim Connolly.
15:09 of 1st period - Shot Misses the Net.
15:52 of 1st period - Snap shot by Blake Pietila.
15:52 of 1st period - Shot Blocked by Cody Franson.
15:54 of 1st period - Slapshot by Nikita Zaitsev.
15:54 of 1st period - Stopped by Brian Elliott without a rebound.
15:55 of 1st period - Cody Hodgson wins face-off versus Erik Haula in Senateurs zone.
16:02 of 1st period - Wrist shot by Patrick Kane.
16:02 of 1st period - Stopped by Brian Elliott with a rebound.
16:04 of 1st period - Snap shot by Cody Hodgson.
16:04 of 1st period - Stopped by Brian Elliott with a rebound.
16:06 of 1st period - Slapshot by Alexei Marchenko.
16:06 of 1st period - Stopped by Brian Elliott with a rebound.
16:22 of 1st period - Sean Bergenheim is hit by Sergey Kalinin and loses puck.
16:47 of 1st period - Wes O'Neill is hit by Alexei Marchenko and loses puck.
16:52 of 1st period - Wrist shot by Alexander Radulov.
16:52 of 1st period - Shot Misses the Net.
16:54 of 1st period - Slapshot by Alexei Marchenko.
16:54 of 1st period - Stopped by Brian Elliott with a rebound.
17:11 of 1st period - Icing by Max Pacioretty.
17:12 of 1st period - Erik Haula wins face-off versus Sergey Kalinin in Senateurs zone.
17:39 of 1st period - Erik Haula is hit by Trevor Daley and loses puck.
17:55 of 1st period - Icing by Eric Gelinas.
17:56 of 1st period - Sidney Crosby wins face-off versus Logan Couture in Senateurs zone.
18:25 of 1st period - Reilly Smith is hit by Alexander Radulov and loses puck.
18:36 of 1st period - Wrist shot by Sean Bergenheim.
18:36 of 1st period - Stopped by Cory Schneider with a rebound.
19:26 of 1st period - Snap shot by Reilly Smith.
19:26 of 1st period - Stopped by Cory Schneider without a rebound.
19:27 of 1st period - Cody Hodgson wins face-off versus Tim Connolly in Capitals zone.
Goals for this period are 0 for Senateurs vs 0 for Capitals.
Shots for this period are 16 for Senateurs vs 14 for Capitals.
2nd period
0:01 of 2nd period - Sidney Crosby wins face-off versus Cody Hodgson in neutral zone.
0:05 of 2nd period - Off-side.
0:06 of 2nd period - Cody Hodgson wins face-off versus Sidney Crosby in neutral zone.
0:17 of 2nd period - Snap shot by Cody Hodgson.
0:17 of 2nd period - Shot Misses the Net.
0:19 of 2nd period - Slapshot by Cameron Gaunce.
0:19 of 2nd period - Stopped by Brian Elliott with a rebound.
1:24 of 2nd period - Tim Connolly is hit by Cameron Gaunce and loses puck.
1:49 of 2nd period - Wrist shot by Sidney Crosby.
1:49 of 2nd period - Stopped by Cory Schneider with a rebound.
1:51 of 2nd period - Wrist shot by Reilly Smith.
1:51 of 2nd period - Shot Misses the Net.
2:01 of 2nd period - Slapshot by Cameron Gaunce.
2:01 of 2nd period - Shot Misses the Net.
2:09 of 2nd period - Slapshot by Cody Franson.
2:09 of 2nd period - Shot Blocked by Alexei Marchenko.
2:11 of 2nd period - Wrist shot by Cody Franson.
2:11 of 2nd period - Deflect By Alexei Marchenko.
2:11 of 2nd period - Stopped by Cory Schneider with a rebound.
3:18 of 2nd period - Snap shot by Jason Pominville.
3:18 of 2nd period - Stopped by Cory Schneider without a rebound.
3:19 of 2nd period - Sidney Crosby wins face-off versus Patrick Kane in Capitals zone.
3:24 of 2nd period - Snap shot by Sean Bergenheim.
3:24 of 2nd period - Stopped by Cory Schneider without a rebound.
3:25 of 2nd period - Cody Hodgson wins face-off versus Sean Bergenheim in Capitals zone.
3:25 of 2nd period - Cody Hodgson is hit by Sean Bergenheim.
3:53 of 2nd period - Wrist shot by Blake Pietila.
3:53 of 2nd period - Stopped by Brian Elliott with a rebound.
3:55 of 2nd period - Wrist shot by Logan Couture.
3:55 of 2nd period - Shot Blocked by Wes O'Neill.
4:49 of 2nd period - Snap shot by Logan Couture.
4:49 of 2nd period - Stopped by Brian Elliott with a rebound.
5:03 of 2nd period - Snap shot by Jason Spezza.
5:03 of 2nd period - Shot Blocked by Sean Bergenheim.
5:05 of 2nd period - Slapshot by Trevor Daley.
5:05 of 2nd period - Stopped by Brian Elliott with a rebound.
5:13 of 2nd period - Snap shot by Jason Spezza.
5:13 of 2nd period - Shot Hit the Post.
5:15 of 2nd period - Snap shot by Logan Couture.
5:15 of 2nd period - Shot Misses the Net.
5:17 of 2nd period - Wrist shot by Logan Couture.
5:17 of 2nd period - Stopped by Brian Elliott without a rebound.
5:18 of 2nd period - Cody Hodgson wins face-off versus Erik Haula in Senateurs zone.
5:29 of 2nd period - Snap shot by Patrick Kane.
5:29 of 2nd period - Stopped by Brian Elliott without a rebound.
5:30 of 2nd period - Erik Haula wins face-off versus Cody Hodgson in Senateurs zone.
7:09 of 2nd period - Minor Penalty to Cody Franson for Hooking.
7:10 of 2nd period - Cody Hodgson wins face-off versus Sidney Crosby in Senateurs zone.
9:09 of 2nd period - Penalty to Cody Franson is over, Cody Franson is back on ice.
9:16 of 2nd period - Snap shot by Loui Eriksson.
9:16 of 2nd period - Shot Misses the Net.
9:18 of 2nd period - Snap shot by Rostislav Olesz.
9:18 of 2nd period - Shot Hit the Post.
9:46 of 2nd period - Brad Richardson is hit by Max Pacioretty and loses puck.
9:57 of 2nd period - Eric Gelinas is hit by Nikita Zaitsev and loses puck.
11:41 of 2nd period - Victor Hedman is hit by Max Pacioretty and loses puck.
12:03 of 2nd period - Slapshot by Max Friberg.
12:03 of 2nd period - Stopped by Cory Schneider with a rebound.
12:19 of 2nd period - Alexei Marchenko is hit by Tim Connolly.
12:42 of 2nd period - Reilly Smith is hit by Brad Richardson and loses puck.
13:06 of 2nd period - Joe Thornton is hit by Max Pacioretty and loses puck.
13:21 of 2nd period - Blake Pietila is hit by Wes O'Neill and loses puck.
13:33 of 2nd period - Blake Pietila is hit by Max Friberg.
13:43 of 2nd period - Brad Richardson is hit by Reilly Smith.
14:27 of 2nd period - Eric Gelinas is hit by Patrick Kane and loses puck.
14:33 of 2nd period - Off-side.
14:34 of 2nd period - Reilly Smith wins face-off versus Cody Hodgson in neutral zone.
15:03 of 2nd period - Slapshot by Jason Spezza.
15:03 of 2nd period - Stopped by Brian Elliott without a rebound.
15:04 of 2nd period - Erik Haula wins face-off versus Logan Couture in Senateurs zone.
15:04 of 2nd period - Erik Haula is hit by Logan Couture.
15:10 of 2nd period - Nikita Zaitsev is hit by Erik Haula and loses puck.
15:15 of 2nd period - Wrist shot by Jason Pominville.
15:15 of 2nd period - Stopped by Cory Schneider without a rebound.
15:16 of 2nd period - Sidney Crosby wins face-off versus Cody Hodgson in Capitals zone.
15:19 of 2nd period - Wrist shot by Sidney Crosby.
15:19 of 2nd period - Stopped by Cory Schneider with a rebound.
15:27 of 2nd period - Snap shot by Sidney Crosby.
15:27 of 2nd period - Deflect By Sean Bergenheim.
15:27 of 2nd period - Shot Misses the Net.
15:27 of 2nd period - Puck is out of play.
15:28 of 2nd period - Cody Hodgson wins face-off versus Sidney Crosby in Capitals zone.
15:30 of 2nd period - Icing by Nikita Zaitsev.
15:31 of 2nd period - Sidney Crosby wins face-off versus Cody Hodgson in Capitals zone.
16:09 of 2nd period - Slapshot by Jason Pominville.
16:09 of 2nd period - Stopped by Cory Schneider with a rebound.
16:42 of 2nd period - Max Friberg is hit by Alexei Marchenko and loses puck.
17:06 of 2nd period - Wrist shot by Alexander Radulov.
17:06 of 2nd period - Stopped by Brian Elliott without a rebound.
17:07 of 2nd period - Cody Hodgson wins face-off versus Sidney Crosby in Senateurs zone.
17:53 of 2nd period - Wrist shot by Logan Couture.
17:53 of 2nd period - Shot Misses the Net.
18:31 of 2nd period - Minor Penalty to Brad Richardson for Hooking.
18:32 of 2nd period - Sidney Crosby wins face-off versus Logan Couture in Capitals zone.
19:03 of 2nd period - Slapshot by Mike Green.
19:03 of 2nd period - Stopped by Cory Schneider without a rebound.
19:04 of 2nd period - Sidney Crosby wins face-off versus Logan Couture in Capitals zone.
19:31 of 2nd period - Slapshot by Jason Spezza.
19:31 of 2nd period - Shot Misses the Net.
Goals for this period are 0 for Senateurs vs 0 for Capitals.
Shots for this period are 9 for Senateurs vs 8 for Capitals.
3rd period
0:01 of 3rd period - Sidney Crosby wins face-off versus Logan Couture in neutral zone.
0:31 of 3rd period - Penalty to Brad Richardson is over, Brad Richardson is back on ice.
1:10 of 3rd period - Ryan Getzlaf is hit by Brad Richardson and loses puck.
1:21 of 3rd period - Cody Franson is hit by Victor Hedman and loses puck.
1:36 of 3rd period - Snap shot by Patrick Kane.
1:36 of 3rd period - Stopped by Brian Elliott with a rebound.
2:16 of 3rd period - Wrist shot by Rostislav Olesz.
2:16 of 3rd period - Goal by Rostislav Olesz - Senateurs : 1 - Capitals : 0.
2:17 of 3rd period - Reilly Smith wins face-off versus Cody Hodgson in neutral zone.
2:22 of 3rd period - Snap shot by Sidney Crosby.
2:22 of 3rd period - Stopped by Cory Schneider without a rebound.
2:23 of 3rd period - Sidney Crosby wins face-off versus Cody Hodgson in Capitals zone.
2:24 of 3rd period - Snap shot by Sean Bergenheim.
2:24 of 3rd period - Stopped by Cory Schneider with a rebound.
2:30 of 3rd period - Wrist shot by Sidney Crosby.
2:30 of 3rd period - Shot Misses the Net.
2:32 of 3rd period - Snap shot by Mike Green.
2:32 of 3rd period - Shot Blocked by Joe Thornton.
2:34 of 3rd period - Snap shot by Mike Green.
2:34 of 3rd period - Shot Misses the Net.
2:36 of 3rd period - Slapshot by Eric Gelinas.
2:36 of 3rd period - Shot Blocked by Cody Hodgson.
2:38 of 3rd period - Backhand shot by Sidney Crosby.
2:38 of 3rd period - Stopped by Cory Schneider without a rebound.
2:39 of 3rd period - Erik Haula wins face-off versus Logan Couture in Capitals zone.
2:46 of 3rd period - Slapshot by Victor Hedman.
2:46 of 3rd period - Stopped by Brian Elliott with a rebound.
2:48 of 3rd period - Snap shot by Jason Spezza.
2:48 of 3rd period - Shot Misses the Net.
2:50 of 3rd period - Wrist shot by Jason Spezza.
2:50 of 3rd period - Shot Blocked by Eric Gelinas.
3:04 of 3rd period - Mike Green is hit by Wayne Simmonds.
3:16 of 3rd period - Wrist shot by Erik Haula.
3:16 of 3rd period - Shot Blocked by Nikita Zaitsev.
3:18 of 3rd period - Wrist shot by Erik Haula.
3:18 of 3rd period - Shot Blocked by Victor Hedman.
3:20 of 3rd period - Snap shot by Mike Green.
3:20 of 3rd period - Shot Misses the Net.
3:22 of 3rd period - Wrist shot by Max Pacioretty.
3:22 of 3rd period - Shot Misses the Net.
3:24 of 3rd period - Slapshot by Max Pacioretty.
3:24 of 3rd period - Deflect By Jason Pominville.
3:24 of 3rd period - Shot Blocked by Victor Hedman.
3:24 of 3rd period - Puck is out of play.
3:25 of 3rd period - Sidney Crosby wins face-off versus Cody Hodgson in Capitals zone.
3:26 of 3rd period - Slapshot by Sean Bergenheim.
3:26 of 3rd period - Shot Misses the Net.
3:28 of 3rd period - Slapshot by Taylor Chorney.
3:28 of 3rd period - Shot Blocked by Cameron Gaunce.
3:30 of 3rd period - Snap shot by Reilly Smith.
3:30 of 3rd period - Shot Misses the Net.
3:32 of 3rd period - Slapshot by Taylor Chorney.
3:32 of 3rd period - Shot Misses the Net.
3:34 of 3rd period - Wrist shot by Cody Franson.
3:34 of 3rd period - Stopped by Cory Schneider without a rebound.
3:35 of 3rd period - Sidney Crosby wins face-off versus Cody Hodgson in Capitals zone.
4:10 of 3rd period - Snap shot by Taylor Chorney.
4:10 of 3rd period - Deflect By Sidney Crosby.
4:10 of 3rd period - Shot Blocked by Cameron Gaunce.
4:10 of 3rd period - Puck is out of play.
4:11 of 3rd period - Logan Couture wins face-off versus Erik Haula in Capitals zone.
5:03 of 3rd period - Wrist shot by Max Friberg.
5:03 of 3rd period - Stopped by Cory Schneider with a rebound.
5:53 of 3rd period - Patrick Kane is hit by Erik Haula and loses puck.
7:50 of 3rd period - Rostislav Olesz is hit by Brad Richardson.
7:54 of 3rd period - Patrick Sharp is hit by Taylor Chorney and loses puck.
8:03 of 3rd period - Wrist shot by Alexander Radulov.
8:03 of 3rd period - Shot Misses the Net.
8:05 of 3rd period - Snap shot by Alexander Radulov.
8:05 of 3rd period - Shot Blocked by Tim Connolly.
8:07 of 3rd period - Wrist shot by Jared Spurgeon.
8:07 of 3rd period - Shot Misses the Net.
8:09 of 3rd period - Slapshot by Trevor Daley.
8:09 of 3rd period - Deflect By Alexander Radulov.
8:09 of 3rd period - Shot Misses the Net.
8:09 of 3rd period - Puck is out of play.
8:10 of 3rd period - Sidney Crosby wins face-off versus Patrick Kane in Senateurs zone.
8:10 of 3rd period - Sidney Crosby is hit by Joe Thornton.
8:23 of 3rd period - Minor Penalty to Brandon Burlon for Hooking.
8:24 of 3rd period - Sidney Crosby wins face-off versus Cody Hodgson in Senateurs zone.
8:56 of 3rd period - Backhand shot by Blake Pietila.
8:56 of 3rd period - Goal by Blake Pietila - Senateurs : 1 - Capitals : 1.
8:57 of 3rd period - Sidney Crosby wins face-off versus Cody Hodgson in neutral zone.
9:30 of 3rd period - Slapshot by Eric Gelinas.
9:30 of 3rd period - Shot Misses the Net.
9:32 of 3rd period - Slapshot by Mike Green.
9:32 of 3rd period - Stopped by Cory Schneider without a rebound.
9:33 of 3rd period - Sidney Crosby wins face-off versus Joe Thornton in Capitals zone.
11:23 of 3rd period - Slapshot by Reilly Smith.
11:23 of 3rd period - Shot Misses the Net.
12:18 of 3rd period - Max Friberg is hit by Jared Spurgeon and loses puck.
12:29 of 3rd period - Jared Spurgeon is hit by Ryan Getzlaf and loses puck.
13:21 of 3rd period - Snap shot by Loui Eriksson.
13:21 of 3rd period - Shot Blocked by Patrick Kane.
13:23 of 3rd period - Slapshot by Eric Gelinas.
13:23 of 3rd period - Stopped by Cory Schneider with a rebound.
13:25 of 3rd period - Slapshot by Mike Green.
13:25 of 3rd period - Stopped by Cory Schneider with a rebound.
13:53 of 3rd period - Wrist shot by Brad Richardson.
13:53 of 3rd period - Shot Misses the Net.
14:30 of 3rd period - Snap shot by Jujhar Khaira.
14:30 of 3rd period - Shot Blocked by Sean Bergenheim.
14:32 of 3rd period - Wrist shot by Jujhar Khaira.
14:32 of 3rd period - Shot Blocked by Mike Green.
14:34 of 3rd period - Slapshot by Victor Hedman.
14:34 of 3rd period - Shot Blocked by Mike Green.
14:36 of 3rd period - Snap shot by Nikita Zaitsev.
14:36 of 3rd period - Shot Blocked by Mike Green.
14:42 of 3rd period - Wrist shot by Sergey Kalinin.
14:42 of 3rd period - Shot Misses the Net.
14:50 of 3rd period - Backhand shot by Jujhar Khaira.
14:50 of 3rd period - Goal by Jujhar Khaira - Senateurs : 1 - Capitals : 2.
14:51 of 3rd period - Erik Haula wins face-off versus Cody Hodgson in neutral zone.
14:57 of 3rd period - Icing by Joe Thornton.
14:58 of 3rd period - Erik Haula wins face-off versus Cody Hodgson in Capitals zone.
15:07 of 3rd period - Snap shot by Jason Pominville.
15:07 of 3rd period - Shot Misses the Net.
15:09 of 3rd period - Slapshot by Taylor Chorney.
15:09 of 3rd period - Shot Blocked by Alexei Marchenko.
15:13 of 3rd period - Slapshot by Max Pacioretty.
15:13 of 3rd period - Stopped by Cory Schneider without a rebound.
15:14 of 3rd period - Sergey Kalinin wins face-off versus Sidney Crosby in Capitals zone.
15:52 of 3rd period - Wrist shot by Rostislav Olesz.
15:52 of 3rd period - Stopped by Cory Schneider with a rebound.
15:54 of 3rd period - Slapshot by Cody Franson.
15:54 of 3rd period - Shot Misses the Net.
17:06 of 3rd period - Snap shot by Logan Couture.
17:06 of 3rd period - Deflect By Jason Spezza.
17:06 of 3rd period - Stopped by Brian Elliott with a rebound.
17:08 of 3rd period - Wrist shot by Jason Spezza.
17:08 of 3rd period - Stopped by Brian Elliott with a rebound.
17:10 of 3rd period - Snap shot by Blake Pietila.
17:10 of 3rd period - Shot Misses the Net.
17:16 of 3rd period - Wrist shot by Blake Pietila.
17:16 of 3rd period - Stopped by Brian Elliott with a rebound.
17:18 of 3rd period - Slapshot by Logan Couture.
17:18 of 3rd period - Stopped by Brian Elliott without a rebound.
17:19 of 3rd period - Tim Connolly wins face-off versus Sergey Kalinin in Senateurs zone.
18:51 of 3rd period - Senateurs, Brian Elliott is pulled from the net.
19:47 of 3rd period - Backhand shot by Jason Spezza.
19:47 of 3rd period - Goal by Jason Spezza - Senateurs : 1 - Capitals : 3.
19:47 of 3rd period - Brian Elliott from Senateurs was sent back in the game.
19:48 of 3rd period - Patrick Kane wins face-off versus Sidney Crosby in neutral zone.
Goals for this period are 1 for Senateurs vs 3 for Capitals.
Shots for this period are 11 for Senateurs vs 9 for Capitals.